 Dungeon Crawl Stone Soup version 0.32-a0-540-g866d13106e (webtiles) character file.

Game seed: 9582830042936882815

21 zenocrate the Scratcher (level 2, 14/14 HPs)
             Began as a Felid Shapeshifter on Feb 29, 2024.
             Quit the game on level 1 of the Dungeon.
             The game lasted 00:00:51 (342 turns).

zenocrate the Scratcher (Felid Shapeshifter)         Turns: 342, Time: 00:00:52

Health: 14/14      AC:  1    Str: 10    XL:     2   Next: 65%
Magic:  3/3        EV: 17    Int: 13    God:
Gold:   22         SH:  0    Dex: 15    Spells: 1/1 levels left
                                        Lives:  0   Deaths: 1

rFire   . .          .
                       - Unarmed
rCold   . . .        (shield unavailable)
rNeg    . . .        (body armour unavailable)
rPois   .            (helmet unavailable)
rElec   .            (cloak unavailable)
rCorr   .            (gloves unavailable)
SInv    +            (boots unavailable)
Will    .....        (no amulet)
Stlth   ++           (no ring)
HPRegen 0.22/turn    (no ring)
MPRegen 0.08/turn

%: no passive effects
@: beast-form
A: beast (slay +1), very small, claws 1, fangs 3, see invisible, shaggy fur 1,
stealthy paws, no weapons or thrown items, no armour, multi-lived
a: Begin Untransformation


You were on level 1 of the Dungeon.
You were a hulking beast.
You visited 1 branch of the dungeon, and saw 1 of its levels.

You collected 22 gold pieces.

Inventory:

Talismans
 b - a beast talisman (active)
 c - a flux talisman
Scrolls
 e - a scroll of amnesia {unknown}
Potions
 a - a potion of lignification
 d - a potion of attraction {unknown}


   Skills:
 - Level 1.0 Fighting
 + Level 2.8 Dodging
 + Level 1.7 Stealth
 * Level 3.6 Unarmed Combat
 - Level 2.6 Shapeshifting


You had one spell level left.
You didn't know any spells.
Your spell library was empty.

Dungeon Overview and Level Annotations

Branches:
Dungeon (1/15)

Altars:


Innate Abilities, Weirdness & Mutations

You are a hulking beast.
Your limbs bulge with bestial killing power. (Slay +1)
You have sharp claws.
You have razor-sharp teeth.
You have supernaturally acute eyesight. (SInv)
You are covered in fur. (AC +1)
Your paws help you pounce on unaware monsters.
You are incapable of wielding weapons or throwing items.
You cannot wear armour.
You gain extra lives every three experience levels.


Message History

A bat is nearby!
A goblin comes into view. It is wielding a +0 dagger.
The bat closely misses you.
You scratch the bat.
You kill the bat!
The goblin shouts!
You hear a loud squeak.
A rat comes into view.
You closely miss the goblin. You bite the goblin.
You kill the goblin!
Things that are here:
a +0 dagger; a goblin corpse You scratch the rat but do no damage.
The rat bites you.
You barely miss the rat. Your bite misses the rat.
The rat completely misses you.
You scratch the rat but do no damage. You scratch the rat.
You kill the rat!
No target in view!
A rat comes into view.
A rat is nearby!
A rat is nearby!
The rat squeaks loudly.
The rat bites you.
You scratch the rat.
You kill the rat!
A quokka comes into view.
A quokka is nearby!
The quokka bites you.
You barely miss the quokka. The quokka bites you.
* * * LOW HITPOINT WARNING * * *
You are too injured to fight recklessly!
You are too injured to fight recklessly!
Unknown command.
Okay, then.
You closely miss the quokka. The quokka bites you.
You die...
Your shape twists and changes as you die.
You rejoin the land of the living...
Unknown command.
Are you sure you want to abandon this character and quit the game? (Confirm with "yes".)

#.###..........# #.#.####
#.#.######## #.#..... ######.#.#
#######.....## #........#
#...........#
#.####.######.######....#
########.#....#........####....#
.......#.##........#.#.#......†#
.......#.##........#.#.#.##....#
.......#.###....h..#.#.#.##....#
.......#.............#.#.##....##
.......)...............#.##....'.
.......#####.......#####.##....##
.........................#######
############.......#######
#.......# #########


There were no monsters in sight!

Vanquished Creatures
  A dart slug (D:1)
  An endoplasm (D:1)
  3 giant cockroaches (D:1)
  4 goblins (D:1)
  A hobgoblin (D:1)
  2 ball pythons (D:1)
  4 bats (D:1)
  2 rats (D:1)
18 creatures vanquished.

Notes
Turn   | Place    | Note
-------+----------+-------------------------------------------
     0 | D:1      | zenocrate the Felid Shapeshifter began the quest for the
                  | Orb.
     0 | D:1      | Reached XP level 1. HP: 10/10 MP: 2/2
    89 | D:1      | Reached skill level 1 in Stealth
   116 | D:1      | Reached XP level 2. HP: 8/14 MP: 3/3
   341 | D:1      | Slain by a quokka
   341 | D:1      | Lost a life (0 lives remaining)
   342 | D:1      | Quit the game

Illustrated notes

Levels and vault maps discovered:
D:1:      dpeg_arrival_fog, layout_basic

Skill      XL: |  1 |
---------------+----+-----
Stealth        | 1 |  1.7
Fighting       | |  1.0
Dodging        | |  2.8
Unarmed Combat | |  3.6
Shapeshifting  | |  2.6

Action                     || total
---------------------------++-------
  Melee: Unarmed           ||    45
         Bite              ||     6
   Stab: Sleeping          ||     1
 Armour: Skin              ||    17
  Dodge: Dodged            ||    31

Table legend: (Time is in decaauts)
 A = Elapsed time spent in this place.
 B = Non-inter-level travel time spent in this place.
 C = Inter-level travel time spent in this place.
 D = Time resting spent in this place.
 E = Time spent auto-exploring this place.
 F = Levels seen in this place.
 G = Mean time per level.
                   A        B        C        D        E       F      G
               +--------+--------+--------+--------+--------+-----+--------+
         Total |    339 |    339 |      0 |      0 |    234 |   1 |  339.0 |
       Dungeon |    339 |    339 |      0 |      0 |    234 |   1 |  339.0 |
               +--------+--------+--------+--------+--------+-----+--------+

Top non-repeatable levels by time:
     D:1: 339 daAuts
